 Dungeon Crawl Stone Soup version 0.29-a0-319-gad05b8d819 (webtiles) character file.

Game seed: 5106666234093575681

181 Rohain the Chopper (level 5, -10/49 HPs)
             Began as a Deep Dwarf Fighter on Apr 2, 2022.
             Was an Initiate of Makhleb.
             Mangled by an ogre
             ... wielding a +0 giant spiked club
              (24 damage)
             ... on level 4 of the Dungeon.
             The game lasted 00:04:27 (2607 turns).

Rohain the Chopper (Deep Dwarf Fighter)             Turns: 2607, Time: 00:04:27

Health: -10/49     AC: 10    Str: 22    XL:     5   Next: 34%
Magic:  4/4        EV:  7    Int:  8    God:    Makhleb [......]
Gold:   102        SH:  5    Dex: 12    Spells: 4/4 levels left

rFire   . . .      SeeInvis .   a - +0 war axe
rCold   + . .      Faith    .   c - +0 buckler
rNeg    . . .      Spirit   .   g - +1 chain mail
rPois   .          Reflect  .   (no helmet)
rElec   .          Harm     .   (no cloak)
rCorr   .          Rampage  .   (no gloves)
Will    .....                   (no boots)
Stlth   ..........              (no amulet)
HPRegen 0.00/turn               k - ring of flight
MPRegen 0.09/turn               f - ring of protection from cold

@: flying
A: damage resistance, heal wounds, sense surroundings 1, no regeneration
a: Heal Wounds, Renounce Religion


You were on level 4 of the Dungeon.
You worshipped Makhleb.
Makhleb was noncommittal.
You visited 2 branches of the dungeon, and saw 5 of its levels.

You collected 102 gold pieces.

Inventory:

Hand Weapons
 a - a +0 war axe (weapon)
 j - a +1 vorpal flail
Missiles
 h - 12 poisoned darts (quivered)
Armour
 b - a +0 scale mail
 c - a +0 buckler (worn)
 g - a +1 chain mail (worn)
Jewellery
 f - a ring of protection from cold (right hand)
 k - a ring of flight (left hand)
Scrolls
 e - 2 scrolls of enchant armour
 i - a scroll of vulnerability
 l - 2 scrolls of blinking {unknown}
 m - a scroll of enchant weapon
 n - a scroll of magic mapping {unknown}
 p - a scroll of amnesia {unknown}
Potions
 d - 2 potions of might
 o - a potion of magic {unknown}


   Skills:
 + Level 3.4 Fighting
 * Level 4.3 Axes
 + Level 4.1 Armour
 + Level 4.1 Shields


You had 4 spell levels left.
You didn't know any spells.
Your spell library contained the following spells:

 Spells                   Type           Power      Damage    Failure   Level
 Scorch                   Fire           0%         2d5       100%        2
 Gell's Gravitas          Tloc           0%         N/A       100%        3
 Lesser Beckoning         Tloc           0%         N/A       100%        3
 Teleport Other           Tloc           0%         N/A       100%        3
 Flame Wave               Conj/Fire      0%         2d4       100%        4
 Summon Cactus Giant      Summ           0%         N/A       100%        6


Dungeon Overview and Level Annotations

Branches:
Dungeon (4/15)             Temple (1/1) D:4

Altars:
Ashenzari
Dithmenos
Elyvilon
Fedhas
Hepliaklqana
Kikubaaqudgha
Makhleb
Nemelex Xobeh
Okawaru
Ru
Trog
Uskayaw
Vehumet
Wu Jian
Xom
Yredelemnul
Zin
The Shining One

Shops:
D:1 :


Innate Abilities, Weirdness & Mutations

You are resistant to damage.
You can heal yourself by infusing magical energy.
You passively map a small area around you.
You do not regenerate.


Message History

You barely miss the ball python.
The ball python bites you but does no damage.
The ball python constricts you. You block the ball python's attack.
The ball python constricts you.
You hit the ball python but do no damage.
The ball python bites you but does no damage.
The ball python constricts you.
You closely miss the ball python.
The ball python bites you but does no damage.
The ball python constricts you. The ball python bites you.
The ball python constricts you.
You slash the ball python!
You kill the ball python!
Makhleb accepts your kill.
The giant cockroach bites you but does no damage.
Activating: Heal Wounds (19% risk of failure)
Press: ? - help, Q - select action, (/) - cycle Dir - look around, f - activate
Okay, then.
You completely miss the giant cockroach.
The giant cockroach bites you but does no damage.
The giant cockroach bites you.
You slash the giant cockroach!
You kill the giant cockroach!
Makhleb accepts your kill.
The ogre hits you with a +0 giant spiked club!
You barely miss the ogre. You hit the ogre but do no damage.
You block the ogre's attack.
You hit the ogre but do no damage.
The ogre hits you with a +0 giant spiked club!
Unknown command.
Throw: 13 darts (poison)
Press: ? - help, Q - select action, (/) - cycle Shift-Dir - straight line, f - ogre
Aim: an ogre, wielding a +0 giant spiked club (73% to hit)
You throw a poisoned dart. The poisoned dart hits the ogre.
The ogre is poisoned.
The ogre hits you with a +0 giant spiked club.
* * * LOW HITPOINT WARNING * * *
You hit the ogre but do no damage.
The ogre hits you with a +0 giant spiked club!!
You die...

##......# * #.##
##........ *#...
#......... * ...
#######......... *
.(##.....#.........
,*#......♣...........
*#........#........> , ,
* #.♣.<............. ***
#@......#......... *
......O#....♣##.........
.......#....# #.........
#.#....#.#### #.))†.....
#.!..#.## #........[
#....#..# ##........ ,
#....##.######.....).# ,
#..(. #.[##....#..####
*,*##....####..##


You could see an ogre (poisoned).

Vanquished Creatures
  An orc wizard (D:3)
  3 gnolls (D:2)
  3 adders
  A worm (D:3)
  2 dart slugs
  14 orcs
  4 endoplasms
  3 giant cockroaches
  7 goblins
  4 hobgoblins
  6 jackals
  4 kobolds
  4 quokkas
  10 ball pythons
  4 bats
  A frilled lizard (D:1)
  2 rats (D:2)
73 creatures vanquished.

Notes
Turn   | Place    | Note
-------+----------+-------------------------------------------
     0 | D:1      | Rohain the Deep Dwarf Fighter began the quest for the Orb.
     0 | D:1      | Reached XP level 1. HP: 20/20 MP: 1/1
   203 | D:1      | Reached XP level 2. HP: 14/27 MP: 2/2
   494 | D:1      | Found Rohiuse's Book Shop.
   735 | D:2      | Reached XP level 3. HP: 21/33 MP: 3/3
  1208 | D:2      | Reached XP level 4. HP: 18/42 MP: 3/3
  2147 | D:3      | Reached XP level 5. HP: 21/49 MP: 4/4
  2211 | D:3      | Found a faded altar of an unknown god.
  2243 | D:3      | Found an ancient bone altar of Kikubaaqudgha.
  2243 | D:3      | Found a blossoming altar of Fedhas.
  2319 | D:3      | You are sucked into a shaft and drop 1 floor!
  2330 | D:4      | Found a staircase to the Ecumenical Temple.
  2348 | Temple   | Entered the Ecumenical Temple
  2505 | Temple   | Became a worshipper of Makhleb the Destroyer
  2594 | D:4      | Noticed an ogre
  2607 | D:4      | Mangled by an ogre

Illustrated notes

Levels and vault maps discovered:
D:1:      dpeg_arrival_radiant, layout_loops_cross, serial_shops, shop
D:2:      layout_basic
D:3:      layout_basic, grunt_temple_overflow_growth_and_decay,
          chequers_ecumenical_altar_simple
D:4:      layout_rooms, kennysheep_slug_shrine, minmay_temple_entry_tees,
          grunt_ministairs_1, minmay_manual_moon
Temple:   nicolae_temple_elliptical

Skill      XL: |  1  2  3  4 |
---------------+-------------+-----
Axes           | 3 4 |  4.3
Fighting       | 3 |  3.4
Shields        | 4 |  4.1
Armour         | 4 |  4.1

Action                   |  1- 3 |  4- 6 || total
-------------------------+-------+-------++-------
Melee: War axe           |    93 |   115 ||   208
Throw: Dart              |       |     1 ||     1
 Abil: Heal Wounds       |     1 |     1 ||     2
  Use: Potion            |     4 |     1 ||     5
       Scroll            |       |     3 ||     3
Armor: Scale mail        |    13 |       ||    13
       Chain mail        |    48 |    78 ||   126
Dodge: Dodged            |    42 |    46 ||    88
Block: Buckler           |    25 |    22 ||    47

Table legend: (Time is in decaauts)
 A = Elapsed time spent in this place.
 B = Non-inter-level travel time spent in this place.
 C = Inter-level travel time spent in this place.
 D = Time resting spent in this place.
 E = Time spent auto-exploring this place.
 F = Levels seen in this place.
 G = Mean time per level.
                   A        B        C        D        E       F      G
               +--------+--------+--------+--------+--------+-----+--------+
         Total |   2693 |   2458 |    235 |    360 |   1489 |   5 |  538.6 |
       Dungeon |   2523 |   2321 |    202 |    360 |   1371 |   4 |  630.8 |
        Temple |    169 |    136 |     33 |      0 |    118 |   1 |  169.0 |
               +--------+--------+--------+--------+--------+-----+--------+

Top non-repeatable levels by time:
     D:2: 1060 daAuts
     D:1: 746 daAuts
     D:3: 591 daAuts
  Temple: 169 daAuts
     D:4: 124 daAuts
